 Dungeon Crawl Stone Soup version 0.31.0-11-ge490571c62 (webtiles) character file.

Game seed: 16448603608074087424

47165 cdecastro the Mimic (level 14, -2/126 HPs)
             Began as a Pale Draconian Shapeshifter on Jan 29, 2024.
             Was a High Priest of Jiyva.
             Killed from afar by a frost giant (41 damage)
             ... with a bolt of cold
             ... on level 15 of the Dungeon.
             The game lasted 00:30:47 (11702 turns).

cdecastro the Mimic (Pale Draconian Shapeshifter)  Turns: 11702, Time: 00:30:48

Health: -2/126     AC: 14    Str: 17    XL:     14   Next: 7%
Magic:  14/14      EV: 24    Int:  9    God:    Jiyva [*****.]
Gold:   176        SH:  0    Dex: 21    Spells: 13/13 levels left

rFire   + .          .
                       - Unarmed
rCold   . . .        (shield currently unavailable)
rNeg    . . .        (body armour unavailable)
rPois   .            (helmet restricted)
rElec   .            y - +2 cloak
rCorr   +            z - +1 pair of gloves
SInv    .            (no boots)
Will    +....        n - amulet of regeneration
Stlth   ++           h - ring of flight
HPRegen 2.65/turn    x - ring of protection from fire
MPRegen 0.86/turn

%: no passive effects
@: flux-form, calling ooze, flying, glowing
A: glow, contaminating, breathe steam, AC +8, unfitting armour, cold-blooded,
steam resistance, antennae 2, thin skeletal structure 1, agile 1, sense
surroundings 3, wild magic 3, gelatinous body 1, pseudopods 1, tendrils
a: Breathe Steam, Begin Untransformation, Renounce Religion, Oozemancy, Slimify


You were on level 15 of the Dungeon.
You worshipped Jiyva.
Jiyva was extremely pleased with you.
You were something dangerously unstable.
You visited 2 branches of the dungeon, and saw 16 of its levels.
You also visited: Bailey.

You collected 729 gold pieces.
You spent 553 gold pieces at shops.

Inventory:

Hand Weapons
 A - the +12 dagger of Dung {freeze, Dex+3}
   (You found it on level 8 of the Dungeon)

   Dex+3:     It affects your dexterity (+3).
 X - the +27 heavy crossbow "Sniper" {heavy, Acc+∞ SInv}
   (You took it off a yaktaur captain on level 15 of the Dungeon)

   Acc+∞: It never misses its target.
   SInv:      It lets you see invisible.
Missiles
 L - 2 throwing nets (quivered)
Armour
 y - a +2 cloak (worn)
 z - a +1 pair of gloves (worn)
 J - the +1 hat of Sur Gugg {rF++ Will++}
   (You found it on level 10 of the Dungeon)

   rF++:      It greatly protects you from fire.
   Will++:    It greatly increases your willpower.
Magical Staves
 O - a staff of fire
 T - a staff of earth
 W - a staff of air
Jewellery
 h - a ring of flight (left hand)
 i - a ring of see invisible
 l - a ring of protection from cold
 n - an amulet of regeneration (around neck)
 x - a ring of protection from fire (right hand)
 B - a +6 ring of intelligence
Talismans
 b - a beast talisman
 c - a flux talisman (active)
Wands
 t - a wand of polymorph (16)
 u - a wand of paralysis (7)
 E - a wand of flame (10)
 F - a wand of acid (1)
Scrolls
 d - 4 scrolls of enchant armour {unknown}
 e - a scroll of noise {unknown}
 g - 5 scrolls of teleportation {unknown}
 m - 10 scrolls of identify
 o - 3 scrolls of fear {unknown}
 p - 4 scrolls of poison {unknown}
 q - a scroll of fog {unknown}
 s - 5 scrolls of enchant weapon
 w - a scroll of blinking {unknown}
 H - 2 scrolls of immolation
 M - a scroll of revelation
 N - a scroll of amnesia
 P - a scroll of acquirement {unknown}
 Q - a scroll of summoning {unknown}
 R - a scroll of torment {unknown}
Potions
 a - a potion of lignification
 f - 5 potions of curing
 j - 2 potions of degeneration
 k - 5 potions of haste {unknown}
 r - 4 potions of heal wounds {unknown}
 v - a potion of berserk rage
 C - a potion of mutation {unknown}
 D - 3 potions of magic {unknown}
 G - 3 potions of ambrosia {unknown}
 I - a potion of invisibility {unknown}
 K - a potion of cancellation {unknown}
 S - a potion of brilliance {unknown}
 U - a potion of enlightenment {unknown}
 V - a potion of resistance {unknown}


   Skills:
 - Level 12.0 Fighting
 - Level 10.2 Dodging
 - Level 5.5 Stealth
 - Level 10.3 Unarmed Combat
 * Level 8.0 Evocations
 + Level 13.6 Shapeshifting


You had 13 spell levels left.
You didn't know any spells.
Your spell library contained the following spells:

 Spells                   Type           Power      Damage    Failure   Level
 Apportation              Tloc           0%         N/A       65%         1
 Necrotise                Necr           0%         1d4       65%         1
 Sandblast                Erth           0%         2d4       65%         1
 Sting                    Conj/Alch      0%         1d3       65%         1
 Summon Small Mammal      Summ           0%         N/A       65%         1
 Jinxbite                 Hex            0%         N/A       77%         2
 Lesser Beckoning         Tloc           0%         N/A       77%         2
 Gell's Gravitas          Tloc           0%         N/A       92%         3
 Passwall                 Erth           0%         N/A       92%         3
 Stone Arrow              Conj/Erth      0%         3d7       92%         3
 Teleport Other           Tloc           0%         N/A       92%         3
 Brom's Barrelling Bould  Conj/Erth      0%         2d3       100%        4
 Alistair's Intoxication  Alch           0%         N/A       100%        5


Dungeon Overview and Level Annotations

Branches:
Dungeon (15/15)            Temple (1/1) D:4            Lair (0/5) D:9
    Orc (0/2) D:9          Vaults (0/5) D:13         Depths (0/4) D:15
 Bailey (visited)

Altars:
Ashenzari
Cheibriados
Dithmenos
Elyvilon
Fedhas
Gozag
Hepliaklqana
Kikubaaqudgha
Makhleb
Nemelex Xobeh
Okawaru
Qazlal
Ru
Sif Muna
Trog
Uskayaw
Vehumet
Wu Jian
Xom
Yredelemnul
Zin
The Shining One
Jiyva

Shops:
D:6 !   D:8 =   D:9 =:*:!   D:12 ?

Annotations:
D:12 2 runed translucent doors
D:14 Roxanne


Innate Abilities, Weirdness & Mutations

You are something dangerously unstable.
You glow with magical radiation, making you easy to see and hit.
Foes you strike become dangerously contaminated with magical radiation.
You are incapable of wielding weapons or throwing items.
You can breathe blasts of scalding, opaque steam.
Your pale cyan-grey scales are hard. (AC +8)
You cannot fit into any form of body armour.
You are cold-blooded and may be slowed by cold attacks.
You are immune to the effects of steam.
You have a pair of antennae on your head.
You have a somewhat thin skeletal structure. (Dex +2, Stealth+)
You are agile. (Dex +4, Str/Int -1)
You passively map a large area around you.
Your spells are much harder to cast, but much more powerful.
Your rubbery body absorbs attacks. (AC +1, EV +1)
Armour fits poorly on your pseudopods.
You are covered in slimy tendrils that may disarm your opponents.


Message History

The death knight reflects your damage back at you!
You hit the death knight but do no damage.
The death knight begins to glow.
You bludgeon the death knight, but do no damage.
The death knight is lightly wounded.
The wall burns the death knight!
The death knight completely misses you.
The death knight reflects your damage back at you!
A frost giant comes into view.
It is wielding a +2 battleaxe of freezing.
You hit the death knight.
The death knight glows dangerously bright.
You tail-slap the death knight, but do no damage.
You bludgeon the death knight.
The death knight is lightly wounded.
The death knight reflects your damage back at you!
The wall burns the death knight!
The death knight completely misses you.
The death knight reflects your damage back at you!
You hit the death knight.
The death knight shudders as magic cascades through it!!!
The death knight twists and deforms.
You bludgeon the death knight, but do no damage.
The death knight is almost dead.
The death knight reflects your damage back at you!
* * * LOW HITPOINT WARNING * * *
The wall burns the death knight!
The death knight hits you with a +0 glaive!
* * * LOW HITPOINT WARNING * * *
The death knight reflects your damage back at you!
* * * LOW HITPOINT WARNING * * *
You hit the death knight.
You kill the death knight!
Your damage is reflected back at you!
* * * LOW HITPOINT WARNING * * *
Your Evocations skill increases to level 8!
Unknown command.
You swap places.
The frost giant casts a spell at you. The bolt of cold hits your azure jelly!
Your azure jelly resists.
The bolt of cold hits you!!!
You die...

* #....#..#. ,
^,.#...*
#......##., ,*
.##..
####...#...* ,
...# *
###.##..# #C.#
,,
#..#...###...#,
##.##.......# ,
* #..##..)J.#
.* ##..###.#
..#
##..)#p#...#
###.)...#
#######


You could see a frost giant (ally target) and a friendly azure jelly (summoned).

Vanquished Creatures
  A frost giant (D:15)
  A fire dragon (D:15)
  3 vault guards (D:13)
  Erolcha (D:13)
  4 centaur warriors
  A rakshasa (D:15)
  A hydra (D:14)
  A two-headed ogre (D:11)
  Erica (D:9)
  A death knight (D:15)
  2 boulder beetles
  A tengu warrior (D:14)
  An occultist (D:15)
  A skeletal warrior (D:10)
  An orc knight (Bailey)
  2 deep elf pyromancers
  3 necromancers
  A wolf spider zombie (D:15)
  11 ugly things
  3 manticores
  5 cyclopes
  5 centaur zombies
  A cane toad (shapeshifter) (D:13)
  A gargoyle (D:11)
  A yaktaur (D:13)
  3 komodo dragons
  A centaur skeleton (D:15)
  2 tengu conjurers (D:15)
  3 trolls
  2 hornets (D:10)
  4 meliai zombies (D:10)
  A jumping spider (shapeshifter) (D:14)
  A shadow (D:12)
  A water elemental (D:12)
  4 wraiths (D:10)
  7 vampires
  2 wyverns (D:10)
  2 basilisks
  36 yaks
  20 humans (D:13)
  10 vampire mosquitoes
  3 steam dragons
  2 water moccasins
  A black bear (D:4)
  13 orc warriors
  An ice beast (D:5)
  4 ogres
  A sky beast (D:7)
  2 laughing skulls (D:14)
  8 centaurs
  3 kobold brigands (D:9)
  3 phantoms (D:10)
  Blork the orc (D:6)
  2 bullfrogs
  3 scorpions
  A gnoll sergeant (D:12)
  5 wights
  11 killer bees (D:10)
  3 electric eels
  4 howler monkeys
  3 bombardier beetles
  7 orc priests
  3 hounds
  Crazy Yiuf (D:7)
  5 orc wizards
  Ijyb (D:5)
  An iguana (D:7)
  11 gnolls
  9 adders
  4 ufetubi (D:7)
  3 dart slugs
  A ribbon worm (D:2)
  47 orcs
  6 ball pythons
  5 bats
  4 endoplasms
  4 giant cockroaches
  8 goblins
  6 hobgoblins
  4 jackals (D:1)
  3 quokkas
  3 frilled lizards
  18 kobolds
  5 rats
386 creatures vanquished.

Vanquished Creatures (collateral kills)
  A yaktaur captain (D:15)
  A boulder beetle (D:11)
  A manticore (D:8)
3 creatures vanquished.

Vanquished Creatures (others)
  A great orb of eyes (D:15)
  An ogre mage (D:15)
  2 slime creatures
  A meliai zombie (D:10)
  2 yaks
  A steam dragon (D:7)
  A golden eye (shapeshifter) (D:15)
  A centaur (D:10)
  A kobold brigand (D:9)
  A gnoll sergeant (D:13)
  A scorpion (D:6)
  A wight (D:10)
  A killer bee (D:10)
  43 jellies
  A howler monkey (D:6)
  An orc priest (D:6)
  A gnoll bouda (D:6)
  A hound (D:6)
  A sleepcap (D:7)
  5 orc wizards
  2 adders (D:5)
  4 gnolls
  A white imp (D:8)
  2 endoplasms (D:4)
  4 orcs
  3 goblins
  2 hobgoblins
  7 kobolds
  A quokka (D:2)
94 creatures vanquished.

Grand Total: 483 creatures vanquished

Notes
Turn   | Place    | Note
-------+----------+-------------------------------------------
     0 | D:1      | cdecastro the Draconian Shapeshifter began the quest for
                  | the Orb.
     0 | D:1      | Reached XP level 1. HP: 16/16 MP: 1/1
   112 | D:1      | Reached XP level 2. HP: 23/23 MP: 2/2
   447 | D:1      | Reached XP level 3. HP: 28/28 MP: 3/3
   903 | D:2      | Found a faded altar of an unknown god.
   926 | D:2      | Prayed at the altar of an unknown god.
   926 | D:2      | Became a worshipper of Jiyva Jobitaub the Shapeless
   926 | D:2      | Reached * piety under Jiyva
  1038 | D:2      | Found a broken altar of Ashenzari.
  1038 | D:2      | Found a broken altar of Ashenzari.
  1038 | D:2      | Found a radiant altar of Vehumet.
  1038 | D:2      | Found a blossoming altar of Fedhas.
  1038 | D:2      | Found a hide-covered altar of Uskayaw.
  1038 | D:2      | Found a snail-covered altar of Cheibriados.
  1436 | D:3      | Reached ** piety under Jiyva
  1438 | D:3      | Reached XP level 4. HP: 35/35 MP: 4/4
  2063 | D:4      | Noticed a black bear
  2063 | D:4      | Reached *** piety under Jiyva
  2182 | D:4      | Noticed a water moccasin
  2196 | D:4      | Killed a water moccasin
  2197 | D:4      | Reached skill level 5 in Unarmed Combat
  2197 | D:4      | Reached skill level 4 in Shapeshifting
  2197 | D:4      | Reached XP level 5. HP: 39/40 MP: 5/5
  2278 | D:4      | Reached XP level 6. HP: 47/47 MP: 6/6
  2385 | D:4      | Found a staircase to the Ecumenical Temple.
  2636 | Temple   | Entered the Ecumenical Temple
  2650 | D:5      | Entered Level 5 of the Dungeon
  2707 | D:5      | Gained mutation: You have supernaturally acute eyesight.
                  | (SInv) [Jiyva's grace]
  2707 | D:5      | Gained mutation: You are agile. (Dex +4, Str/Int -1)
                  | [Jiyva's grace]
  2707 | D:5      | Gained mutation: You are very agile. (Dex +8, Str/Int -2)
                  | [Jiyva's grace]
  2707 | D:5      | Gained mutation: You passively dampen the noise of your
                  | surroundings. [Jiyva's grace]
  2767 | D:5      | Noticed Ijyb
  2785 | D:5      | Killed Ijyb
  2918 | D:5      | Your scales start taking on a pale cyan-grey colour.
  2918 | D:5      | Reached XP level 7. HP: 43/52 MP: 7/7
  2918 | D:5      | Gained mutation: You are immune to the effects of steam.
                  | [Pale Draconian growth]
  3098 | D:5      | Reached **** piety under Jiyva
  3141 | D:5      | Reached skill level 5 in Shapeshifting
  3671 | D:6      | Found an ornate altar of the Wu Jian Council.
  3673 | D:6      | Found a blossoming altar of Fedhas.
  3931 | D:6      | Reached XP level 8. HP: 28/59 MP: 8/8
  4001 | D:6      | Noticed Blork the orc
  4008 | D:6      | Killed Blork the orc
  4009 | D:6      | Reached skill level 6 in Shapeshifting
  4043 | D:6      | Found Roudier's Distillery.
  4046 | D:6      | Bought a potion of berserk rage for 65 gold pieces
  4046 | D:6      | Bought a potion of curing for 39 gold pieces
  4046 | D:6      | Bought a potion of degeneration for 13 gold pieces
  4281 | D:6      | Reached ***** piety under Jiyva
  4507 | D:7      | Lost mutation: You passively dampen the noise of your
                  | surroundings. [Jiyva's grace]
  4507 | D:7      | Gained mutation: Your tail ends in a venomous barb.
                  | [Jiyva's grace]
  4507 | D:7      | Gained mutation: Your tail ends in a sharp venomous barb.
                  | [Jiyva's grace]
  4507 | D:7      | Gained mutation: Your tail ends in a wickedly sharp and
                  | venomous barb. [Jiyva's grace]
  4507 | D:7      | Gained mutation: You have a somewhat thin skeletal
                  | structure. (Dex +2, Stealth+) [Jiyva's grace]
  4537 | D:7      | Found a white marble altar of Elyvilon.
  4546 | D:7      | Found a stormy altar of Qazlal.
  4944 | D:7      | Found a runed translucent door.
  4945 | D:7      | Noticed Crazy Yiuf
  4953 | D:7      | Killed Crazy Yiuf
  4984 | D:8      | Noticed a manticore
  5001 | D:8      | Killed a manticore
  5002 | D:8      | Reached skill level 10 in Unarmed Combat
  5002 | D:8      | Reached skill level 7 in Shapeshifting
  5002 | D:8      | Reached XP level 9. HP: 8/64 MP: 9/9
  5137 | D:8      | Reached skill level 5 in Fighting
  5143 | D:8      | Found Etuloeg's Jewellery Emporium.
  5207 | D:8      | Reached skill level 8 in Shapeshifting
  5319 | D:8      | Identified the +12 dagger of Dung {freeze, Dex+3}
  5600 | D:9      | Noticed a komodo dragon
  5624 | D:9      | Killed a komodo dragon
  5625 | D:9      | Reached XP level 10. HP: 62/86 MP: 10/10
  5650 | D:9      | Found Fimpevob's Jewellery Boutique.
  5729 | D:9      | Found a flagged portal.
  5737 | Bailey   | Entered a bailey
  5895 | Bailey   | Noticed an orc knight
  5900 | Bailey   | Killed an orc knight
  5901 | Bailey   | Reached skill level 9 in Shapeshifting
  6131 | D:9      | Noticed a cyclops
  6137 | D:9      | Noticed Erica
  6139 | D:9      | Killed a cyclops
  6140 | D:9      | Reached skill level 10 in Fighting
  6144 | D:9      | Killed Erica
  6145 | D:9      | Found a staircase to the Orcish Mines.
  6185 | D:9      | Found Dyll's Book Shop.
  6199 | D:9      | Lost mutation: You have supernaturally acute eyesight.
                  | (SInv) [Jiyva's grace]
  6199 | D:9      | Lost mutation: You are very agile. (Dex +8, Str/Int -2)
                  | [Jiyva's grace]
  6199 | D:9      | Gained mutation: You passively map a small area around you.
                  | [Jiyva's grace]
  6199 | D:9      | Gained mutation: You passively map the area around you.
                  | [Jiyva's grace]
  6199 | D:9      | Gained mutation: You passively map a large area around you.
                  | [Jiyva's grace]
  6199 | D:9      | Gained mutation: You have large cloven feet. [Jiyva's
                  | grace]
  6220 | D:9      | Found Ken Goab's Assorted Antiques.
  6223 | D:9      | Found Suadac's Book Shop.
  6228 | D:9      | Bought a fuming grey potion for 27 gold pieces
  6228 | D:9      | Bought 2 murky emerald potions for 54 gold pieces
  6228 | D:9      | Bought 2 smoky yellow potions for 54 gold pieces
  6230 | D:9      | Found Soluadin's Distillery.
  6383 | D:9      | Found a staircase to the Lair.
  6390 | D:9      | Reached XP level 11. HP: 101/101 MP: 11/11
  6623 | D:10     | Entered Level 10 of the Dungeon
  6777 | D:10     | Reached skill level 10 in Shapeshifting
  6951 | D:10     | Paralysed by a hornet for 2 turns
  7091 | D:10     | Found a viscous altar of Jiyva.
  7249 | D:10     | Noticed a necromancer
  7264 | D:10     | Killed a necromancer
  7266 | D:10     | Reached skill level 5 in Dodging
  7445 | D:10     | Reached skill level 11 in Shapeshifting
  7472 | D:10     | Reached XP level 12. HP: 112/112 MP: 12/12
  7538 | D:10     | Identified the +5 rapier of Dipoc {vamp, Stlth+}
  7593 | D:10     | Identified the +1 hat of Sur Gugg {rF++ Will++}
  7973 | D:11     | Reached ****** piety under Jiyva
  7985 | D:11     | Noticed a boulder beetle
  8001 | D:11     | Killed a boulder beetle
  8010 | D:11     | Found a shadowy altar of Dithmenos.
  8152 | D:11     | Lost mutation: You have large cloven feet. [Jiyva's grace]
  8152 | D:11     | Gained mutation: Your rubbery body absorbs attacks. (AC +1,
                  | EV +1) [Jiyva's grace]
  8152 | D:11     | Gained mutation: Your pliable body absorbs attacks. (AC +2,
                  | EV +2) [Jiyva's grace]
  8152 | D:11     | Gained mutation: Your gelatinous body deflects attacks. (AC
                  | +3, EV +3) [Jiyva's grace]
  8152 | D:11     | Gained mutation: Your flesh is cold resistant. (rC+)
                  | [Jiyva's grace]
  8152 | D:11     | Noticed a two-headed ogre
  8164 | D:11     | Killed a two-headed ogre
  8739 | D:12     | Found Pejobb's Magic Scroll Shoppe.
  8763 | D:12     | Bought a scroll of identify for 28 gold pieces
  8763 | D:12     | Bought a scroll of revelation for 105 gold pieces
  8763 | D:12     | Bought a scroll of immolation for 56 gold pieces
  8763 | D:12     | Bought a scroll of amnesia for 56 gold pieces
  8763 | D:12     | Bought 2 scrolls of identify for 56 gold pieces
  9083 | D:12     | Noticed an ice dragon
  9083 | D:12     | Found the +2 shield of Resistance {rF++ rC++ Will++}
  9084 | D:12     | Noticed a fire dragon
  9084 | D:12     | Noticed a fire dragon
  9085 | D:12     | Noticed an ice dragon
  9086 | D:12     | Found a runed translucent door.
  9086 | D:12     | Found a runed translucent door.
  9283 | D:12     | Reached skill level 12 in Shapeshifting
  9345 | D:12     | Lost mutation: Your tail ends in a wickedly sharp and
                  | venomous barb. [Jiyva's grace]
  9345 | D:12     | Lost mutation: Your tail ends in a sharp venomous barb.
                  | [Jiyva's grace]
  9345 | D:12     | Lost mutation: Your gelatinous body deflects attacks. (AC
                  | +3, EV +3) [Jiyva's grace]
  9345 | D:12     | Gained mutation: You have a pair of small antennae on your
                  | head. [Jiyva's grace]
  9345 | D:12     | Gained mutation: You have a pair of antennae on your head.
                  | [Jiyva's grace]
  9345 | D:12     | Gained mutation: You have a pair of large antennae on your
                  | head. (SInv) [Jiyva's grace]
  9345 | D:12     | Gained mutation: You are covered in slimy tendrils that may
                  | disarm your opponents. [Jiyva's grace]
  9599 | D:13     | Noticed a centaur warrior
  9599 | D:13     | Noticed a centaur warrior
  9619 | D:13     | Killed a centaur warrior
  9625 | D:13     | Killed a centaur warrior
  9846 | D:13     | Reached skill level 10 in Dodging
  9926 | D:13     | Reached XP level 13. HP: 118/118 MP: 13/13
 10001 | D:13     | Reached skill level 1 in Stealth
 10047 | D:13     | Found a gate to the Vaults.
 10212 | D:13     | Noticed Erolcha
 10268 | D:13     | Killed Erolcha
 10511 | D:14     | Reached skill level 5 in Stealth
 10673 | D:14     | Noticed Roxanne
 10696 | D:14     | Reached skill level 1 in Evocations
 10862 | D:14     | Reached skill level 13 in Shapeshifting
 11119 | D:14     | Reached skill level 5 in Evocations
 11436 | D:15     | Entered Level 15 of the Dungeon
 11454 | D:15     | Noticed a fire dragon
 11459 | D:15     | Lost mutation: You have a pair of large antennae on your
                  | head. (SInv) [Jiyva's grace]
 11459 | D:15     | Lost mutation: Your tail ends in a venomous barb. [Jiyva's
                  | grace]
 11459 | D:15     | Lost mutation: Your flesh is cold resistant. (rC+) [Jiyva's
                  | grace]
 11459 | D:15     | Lost mutation: Your pliable body absorbs attacks. (AC +2,
                  | EV +2) [Jiyva's grace]
 11459 | D:15     | Gained mutation: Your spells are a little harder to cast,
                  | but a little more powerful. [Jiyva's grace]
 11459 | D:15     | Gained mutation: Your spells are harder to cast, but more
                  | powerful. [Jiyva's grace]
 11459 | D:15     | Gained mutation: Your spells are much harder to cast, but
                  | much more powerful. [Jiyva's grace]
 11459 | D:15     | Gained mutation: Armour fits poorly on your pseudopods.
                  | [Jiyva's grace]
 11480 | D:15     | Killed a fire dragon
 11576 | D:15     | Found a staircase to the Depths.
 11684 | D:15     | Noticed a frost giant
 11693 | D:15     | Killed a frost giant
 11694 | D:15     | Reached XP level 14. HP: 83/126 MP: 14/14
 11698 | D:15     | Noticed a frost giant
 11702 | D:15     | Killed from afar by a frost giant

Illustrated notes

Levels and vault maps discovered:
D:1:      mrwooster_arrival_statue_3, layout_basic, grunt_decor_junction
D:2:      cheibrodos_fertilizer, layout_basic, dreamdust_ecumenical_altar_grove
D:3:      layout_loops_ring, grunt_ministairs_9
D:4:      layout_cave_pools, minmay_temple_entry_large_hall
D:5:      layout_loops_corners, grunt_ministairs_9, nicolae_hexahallways,
          kennysheep_crisscross, st_stairs_6, item_on_display_a, uniq_ijyb
D:6:      layout_loops_corners, nicolae_overflow_squiral, serial_shops,
          nicolae_shop_behind_doors, uniq_blork_the_orc
D:7:      layout_rooms, amethyst_overflow_temple_binary, uniq_crazy_yiuf_cottage
D:8:      layout_basic, serial_shops, shop, amcnicky_mini_pool_medium
D:9:      layout_small_grid, grunt_lair_entry_orc_guard_hut, erik_orc_3,
          enter_bailey_3, serial_shops, nicolae_shop_tiny_statue_garden,
          nicolae_shop_window_shopping, shop, shop,
          nicolae_shop_just_a_little_nook, uniq_erica
D:10:     bobbens_index_wilting_gardens, layout_loops_ring, serial_glass,
          glass_columns_b, glass_columns_c, jiyva_altar_1
D:11:     layout_basic, grunt_dithmenos_smoke
D:12:     layout_basic, serial_shops, nicolae_shop_just_a_little_nook,
          minmay_guarded_unrand_resistance
D:13:     layout_gridville, grunt_vaults_entry_tiered, lemuel_old_faithful,
          uniq_erolcha
D:14:     layout_loops_ring, minmay_staircase_windowed_large, uniq_roxanne
D:15:     grunt_enter_depths_magical_seal, layout_rooms,
          gammafunk_ghost_tricky_traps, nicolae_ru_the_path_less_chosen,
          minmay_checkered_concentric_circles
Temple:   compressed_dpeg_circular_temple

Skill      XL: |  1  2  3  4  5  6  7  8  9 10 11 12 13 14 |
---------------+-------------------------------------------+-----
Unarmed Combat | 4 5 6 8 10 | 10.3
Shapeshifting  | 4 5 7 8 9 11 12 13 | 13.6
Fighting       | 7 10 12 | 12.0
Dodging        | 6 10 | 10.2
Stealth        | 5 |  5.5
Evocations     | 7 8 |  8.0

Action                     |  1- 3 |  4- 6 |  7- 9 | 10-12 | 13-15 || total
---------------------------+-------+-------+-------+-------+-------++-------
  Melee: Unarmed           |   131 |    96 |   230 |   710 |   313 ||  1480
         Tailslap          |    12 |    10 |    42 |   138 |    80 ||   282
         Punch             |     3 |     8 |     7 |       |       ||    18
         Kick              |       |       |       |   159 |       ||   159
         Pseudopods        |       |       |       |       |    17 ||    17
 Invoke: Oozemancy         |       |     2 |       |     4 |     7 ||    13
   Stab: Sleeping          |       |       |     2 |     1 |       ||     3
 Armour: Skin              |    60 |    56 |   163 |   387 |   139 ||   805
  Dodge: Dodged            |    85 |    59 |   185 |   727 |   340 ||  1396
   Form: Flux              |       |       |     1 |       |       ||     1
